Map: Jagannatha LE

Players

Armani

  • Race: Zerg Zerg

Neeb - Winner!

  • Race: Protoss Protoss

Event: TSL 7

VOD

Have the link to the VOD?

Description

Time

  • Played on: June 19, 2021, 11:53 a.m.
  • Length: 6:20

All games in this series

Show
View Real Time Build Order
Export as new Build Order

Armani Zerg 

Build Orders: Hatch First 

Get SALT Encoding   

  12  0:01  Drone  
  13  0:13  Overlord  
  13  0:18  Drone  
  14  0:33  Drone x2  
  16  0:50  Hatchery  
  16  0:53  Drone  
  16  0:56  Drone  
  17  0:59  Drone  
  18  1:07  Extractor  
  17  1:14  Spawning Pool  
  16  1:18  Drone  
  16  1:20  Drone  
  18  1:29  Drone  
  19  1:41  Drone  
  20  1:53  Drone  
  21  2:01  Queen, Zergling x2  
  21  2:02  Queen  
  21  2:08  Metabolic Boost  
  26  2:13  Drone x2  
  28  2:33  Hatchery, Overlord  
  28  2:36  Zergling x2  
  28  2:40  Overlord  
  28  2:51  Queen  
  28  2:53  Drone x2  
  28  2:58  Drone x2  
  34  2:59  Drone  
  35  3:06  Zergling x4  
  35  3:10  Overlord  
  35  3:12  Drone  
  38  3:17  Drone x2  
  40  3:21  Spore Crawler  
  40  3:25  Drone  
  40  3:35  Drone x2  
  40  3:39  Queen  
  40  3:41  Drone x2  
  46  3:44  Overlord  
  46  3:48  Drone x4  
  50  4:02  Queen  
  52  4:06  Zergling x2  
  52  4:07  Zergling x6  
  52  4:08  Drone  
  52  4:09  Lair  
  56  4:12  Extractor, Spore Crawler  
  56  4:15  Drone x2  
  55  4:18  Extractor  
  55  4:20  Drone x2  
  55  4:23  Drone  
  57  4:28  Overlord  
  57  4:30  Overlord  
  58  4:37  Extractor x2  
  55  4:44  Zergling x8  
  58  4:46  Drone  
  58  4:47  Drone x2  
  58  4:50  Drone  
  61  4:54  Zergling x10  
  65  5:01  Drone  
  65  5:02  Drone x3  
  69  5:07  Spore Crawler  
  69  5:08  Spore Crawler  
  69  5:10  Drone  
  69  5:13  Overseer  
  69  5:15  Hydralisk Den  
  69  5:19  Drone  
  69  5:20  Drone x2  
  69  5:21  Overlord x2  
  71  5:30  Extractor  
  71  5:32  Zergling x4  
  71  5:33  Zergling x4  
  71  5:34  Overlord  
  73  5:41  Zergling x12  
Show
View Real Time Build Order
Export as new Build Order

Neeb Protoss - Winner!

Build Orders: 1 Gate Expand, Oracle Opening 

Get SALT Encoding   

  12  0:00  Probe  
  13  0:12  Probe  
  14  0:20  Pylon  
  14  0:24  Probe  
  15  0:38  Probe (Chrono Boost)  
  15  0:40  Gateway  
  16  0:47  Probe (Chrono Boost)  
  17  0:50  Assimilator  
  17  0:52  Probe (Chrono Boost)  
  18  1:04  Probe  
  19  1:16  Probe  
  20  1:27  Nexus  
  20  1:39  Cybernetics Core  
  20  1:42  Probe  
  21  1:48  Assimilator  
  21  1:54  Probe  
  21  1:57  Pylon  
  22  2:06  Probe (Chrono Boost)  
  23  2:15  Warp Gate, Adept  
  25  2:17  Probe (Chrono Boost)  
  25  2:22  Probe (Chrono Boost)  
  27  2:32  Stargate  
  27  2:33  Probe (Chrono Boost)  
  28  2:42  Probe x2 (Chrono Boost)  
  30  2:45  Stalker  
  30  2:49  Probe (Chrono Boost)  
  30  2:50  Probe (Chrono Boost)  
  34  2:54  Probe  
  35  2:59  Probe  
  35  3:03  Gateway  
  36  3:07  Probe  
  36  3:11  Probe  
  36  3:12  Oracle (Chrono Boost)  
  38  3:19  Probe  
  42  3:21  Pylon  
  42  3:23  Probe  
  43  3:31  Twilight Council  
  43  3:33  Gateway  
  43  3:34  Probe  
  43  3:40  Probe  
  45  3:46  Probe  
  46  3:52  Probe  
  46  3:53  Pylon  
  47  3:58  Probe  
  47  4:00  Pylon  
  48  4:04  Probe, Resonating Glaives (Chrono Boost), Adept x2  
  53  4:10  Probe  
  53  4:16  Probe  
  55  4:22  Nexus  
  55  4:25  Adept x2  
  55  4:29  Adept  
  60  4:32  Probe  
  60  4:35  Probe  
  60  4:37  Assimilator  
  60  4:38  Assimilator  
  62  4:48  Robotics Facility  
  62  4:49  Probe  
  62  4:50  Pylon  
  62  4:51  Adept x2  
  67  4:55  Adept  
  67  4:58  Probe  
  70  5:08  Probe  
  70  5:11  Adept  
  70  5:12  Adept  
  75  5:14  Probe  
  75  5:17  Adept  
  78  5:26  Gateway  
  78  5:28  Gateway  
  78  5:29  Pylon, Forge  
  78  5:31  Pylon  
  78  5:34  Adept  
  80  5:35  Adept  
  80  5:38  Probe x2  
  80  5:40  Probe  
  80  5:42  Sentry  
  87  5:53  Probe  
  87  5:54  Phoenix  
  87  5:56  Stargate  
  90  5:57  Probe  
  90  6:02  Probe  
  88  6:05  Probe  
  88  6:06  Pylon  
Tags
 
Add a new tag
Caveats
  • Supply blocks, unpowered buildings, or Contaminate may cause inaccurate times.
  • Supply counts are checked every 10 seconds.